 Dungeon Crawl Stone Soup version 0.30.0-15-g856e2d3f33 (webtiles) character file.

Game seed: 15708284437071903388

756 qw the Chopper (level 7, 0/44 HPs)
             Began as a Gargoyle Fighter on May 20, 2023.
             Slain by a lemure (7 damage)
             ... led by Pikel
             ... on level 7 of the Dungeon.
             The game lasted 00:01:42 (3896 turns).

qw the Chopper (Gargoyle Fighter)                   Turns: 3896, Time: 00:01:42

Health: 0/44       AC: 12    Str: 21    XL:     7   Next: 79%
Magic:  7/7        EV:  9    Int:  9    God:
Gold:   372        SH:  4    Dex:  9    Spells: 6/6 levels left

rFire   . . .        Y - +1 war axe
rCold   . . .        c - +0 buckler
rNeg    + . .        b - +0 scale mail
rPois   inf          (no helmet)
rElec   +            (no cloak)
rCorr   .            (no gloves)
SInv    .            f - +0 pair of boots
Will    .....        (no amulet) Stlth
                     (no ring)
HPRegen 0.27/turn    (no ring)
MPRegen 0.10/turn

%: no passive effects
@: about to teleport
A: sickness immunity, AC +4, negative energy resistance 1, electricity
resistance, torment resistance 1, petrification resistance
a: no special abilities


You were on level 7 of the Dungeon.
You visited 1 branch of the dungeon, and saw 6 of its levels.

You collected 372 gold pieces.


Innate Abilities, Weirdness & Mutations

You are immune to sickness and miasma.
Your stone body is resilient. (AC +4)
You are immune to poison.
You resist negative energy. (rN+)
You are resistant to electric shocks. (rElec)
You are resistant to unholy torment.
You are immune to petrification.


   Skills:
 - Level 5.0 Fighting
 + Level 7.0 Axes
 - Level 3.2 Armour
 - Level 1.0 Dodging
 - Level 3.2 Shields


You had 6 spell levels left.
You didn't know any spells.
Your spell library was empty.

Inventory:

Hand Weapons
 k - a +0 flail
 Y - a +1 war axe (weapon)
Armour
 b - a +0 scale mail (worn)
 c - a +0 buckler (worn)
 f - a +0 pair of boots (worn)
Scrolls
 i - a scroll of identify
 j - a scroll of teleportation
Potions
 d - a potion of might
 l - a potion of berserk rage {unknown}

Dungeon Overview and Level Annotations

Branches:
Dungeon (7/15)
 Temple: D:4-7

Altars:
Fedhas
Sif Muna
Vehumet

Shops:
D:1 =

Annotations:
D:7 Pikel


Message History

You slash something! You hit Pikel but do no damage. You slash the lemure!
The lemure hits you but does no damage. The lemure barely misses you.
You block Pikel's attack.
You slash the lemure!
You kill the lemure!
That felt strangely unrewarding.
You hit Pikel. You slash something!
Reactivating autopickup.
You feel a bit more experienced.
You closely miss the lemure. The lemure hits you.
Pikel hits you with a +2 whip of freezing.
Pikel freezes you.
An orc wizard comes into view. It is wielding a +0 dagger.
The lemure barely misses you.
Pikel hits you with a +2 whip of freezing.
Pikel freezes you. You block the lemure's attack.
Your Fighting skill increases to level 5!
You slash the lemure!
The lemure is heavily wounded.
You closely miss the lemure. You closely miss Pikel.
The lemure hits you but does no damage. x2; Pikel closely misses you.
You barely miss the lemure.
The lemure is heavily wounded.
You hit Pikel. You slash the lemure! The lemure hits you but does no damage.
You block the lemure's attack. Pikel barely misses you.
You hit the lemure.
The lemure is severely wounded.
You barely miss the lemure. You barely miss Pikel.
The lemure hits you. x2; Pikel barely misses you.
3895 ||| READING 2 scrolls of teleportation.
As you read the scroll of teleportation, it crumbles to dust.
You feel strangely unstable. The lemure closely misses you.
The lemure hits you but does no damage.
Pikel hits you with a +2 whip of freezing.
Pikel freezes you.
You barely miss the lemure.
The lemure is severely wounded.
You closely miss the lemure. You slash Pikel! The lemure hits you!
You die...

##### ###
#...# ....
#...##.....
#.o........
#55K#>K....
#.@)# .5.[.
#...# .5..
#.o.# ...
..### ..
... . ....
.....
......


You could see Pikel, 2 lemures, an orc wizard and an orc.

Vanquished Creatures
  Sigmund (D:3)
  2 lemures (D:7)
  A kobold brigand (D:5)
  2 scorpions (D:4)
  A hound (D:5)
  An orc priest (D:3)
  Ijyb (D:3)
  Natasha (thrice) (D:3)
  3 iguanas
  3 orc wizards
  A gnoll (D:1)
  5 adders
  2 dart slugs
  3 orcs
  4 ball pythons
  2 bats
  8 endoplasms
  A giant cockroach (D:3)
  7 goblins
  6 hobgoblins
  2 jackals (D:2)
  2 quokkas
  3 frilled lizards
  8 kobolds
  4 rats
76 creatures vanquished.

Notes
Turn   | Place    | Note
-------+----------+-------------------------------------------
     0 | D:1      | qw the Gargoyle Fighter began the quest for the Orb.
     0 | D:1      | Reached XP level 1. HP: 14/14 MP: 1/1
     0 | D:1      | 0 ||| qw: Version: 0.2-a-97-g499787f
     0 | D:1      | 0 ||| qw: Game counter: 86
     0 | D:1      | 0 ||| qw: Always use a shield: true
     0 | D:1      | 0 ||| qw: God list: Okawaru
     0 | D:1      | 0 ||| qw: Allow faded altars: false
     0 | D:1      | 0 ||| qw: Do Orc after D:15 true
     0 | D:1      | 0 ||| qw: Do second Lair branch before Depths: true
     0 | D:1      | 0 ||| qw: Lair rune preference: random
     0 | D:1      | 0 ||| qw: Plans: Normal, Zot:1-4, God:TSO, Crypt, Tomb,
                  | Pan, Slime:5, Hells, Abyss, Win
     0 | D:1      | 0 ||| PLANNING D:1-11
    95 | D:1      | Reached skill level 2 in Axes
   178 | D:1      | Found Qovaew's Jewellery Shoppe.
   192 | D:1      | 192 ||| SHOPLISTING +4 ring of slaying (1014 gold, have
                  | 19).
   192 | D:1      | 192 ||| SHOPLISTING +6 ring of dexterity (468 gold, have
                  | 19).
   192 | D:1      | 192 ||| SHOPLISTING amulet of Neurosis {Reflect Drain rC++
                  | Will++ SH+5} (817 gold, have 19).
   192 | D:1      | 192 ||| SHOPLISTING amulet of guardian spirit (390 gold,
                  | have 19).
   192 | D:1      | 192 ||| SHOPLISTING amulet of regeneration (390 gold, have
                  | 19).
   192 | D:1      | 192 ||| SHOPLISTING amulet of the acrobat (390 gold, have
                  | 19).
   192 | D:1      | 192 ||| SHOPLISTING ring of positive energy (260 gold, have
                  | 19).
   192 | D:1      | 192 ||| SHOPLISTING ring of protection from cold (325 gold,
                  | have 19).
   222 | D:1      | Reached XP level 2. HP: 17/19 MP: 2/2
   258 | D:1      | HP: 4/19 [goblin/+1 dagger of flaming (1)]
   343 | D:1      | Found a faded altar of an unknown god.
   350 | D:1      | Reached skill level 3 in Axes
   433 | D:1      | Reached XP level 3. HP: 23/23 MP: 3/3
   731 | D:1      | 731 ||| UPGRADING to +0 pair of boots.
   736 | D:1      | 736 ||| READING scroll labelled ENLAUD DIKAHI.
   737 | D:1      | 737 ||| READING scroll labelled PONIMU SYXTI.
   815 | D:2      | 815 ||| Stepping ~*~*~tactically~*~*~ (stealth).
   931 | D:2      | Found a blossoming altar of Fedhas.
  1121 | D:2      | 1121 ||| READING scroll labelled EXORIF MYUSAVU.
  1122 | D:2      | 1122 ||| READING scroll labelled QIXTEL DAARUSE.
  1144 | D:3      | HP: 4/23 [orc/+0 mace (4)]
  1145 | D:3      | Reached skill level 4 in Axes
  1145 | D:3      | Reached XP level 4. HP: 5/28 MP: 4/4
  1145 | D:3      | 1145 ||| READING scroll of teleportation.
  1329 | D:3      | Found the +4 robe of Augmentation {Str+4 Int+4 Dex+4}
  1496 | D:3      | 1496 ||| DROPPING +0 club.
  1497 | D:3      | 1497 ||| Stepping ~*~*~tactically~*~*~ (stealth).
  1498 | D:3      | 1498 ||| DROPPING +0 mace.
  1531 | D:3      | Noticed Ijyb
  1532 | D:3      | 1532 ||| Stepping ~*~*~tactically~*~*~ (hiding).
  1533 | D:3      | 1533 ||| Stepping ~*~*~tactically~*~*~ (hiding).
  1538 | D:3      | Paralysed by Ijyb for 2 turns
  1542 | D:3      | Paralysed by Ijyb for 4 turns
  1564 | D:3      | Killed Ijyb
  1565 | D:3      | Reached XP level 5. HP: 19/32 MP: 5/5
  1733 | D:3      | Noticed Sigmund
  1734 | D:3      | 1734 ||| Stepping ~*~*~tactically~*~*~ (hiding).
  1738 | D:3      | 1738 ||| DRINKING potion of curing.
  1738 | D:3      | 1738 ||| (to cure confusion)
  1750 | D:3      | Killed Sigmund
  1751 | D:3      | Reached skill level 5 in Axes
  1751 | D:3      | Reached XP level 6. HP: 28/37 MP: 6/6
  1799 | D:3      | Noticed Natasha
  1800 | D:3      | 1800 ||| Stepping ~*~*~tactically~*~*~ (hiding).
  1805 | D:3      | Killed Natasha
  2033 | D:3      | Noticed Natasha
  2034 | D:3      | 2034 ||| Stepping ~*~*~tactically~*~*~ (stealth).
  2037 | D:3      | 2037 ||| Stepping ~*~*~tactically~*~*~ (stealth).
  2041 | D:3      | 2041 ||| Stepping ~*~*~tactically~*~*~ (stealth).
  2042 | D:3      | 2042 ||| Stepping ~*~*~tactically~*~*~ (stealth).
  2085 | D:3      | 2085 ||| Stepping ~*~*~tactically~*~*~ (hiding).
  2092 | D:3      | Killed Natasha
  2403 | D:3      | Noticed Natasha
  2404 | D:3      | 2404 ||| Stepping ~*~*~tactically~*~*~ (hiding).
  2411 | D:3      | Killed Natasha
  2572 | D:3      | 2572 ||| DROPPING orb of guile.
  2573 | D:3      | 2573 ||| READING scroll labelled HADE YDIBID.
  2574 | D:3      | 2574 ||| READING scroll labelled AVUPPOJUNTOH.
  2575 | D:3      | 2575 ||| READING 2 scrolls of identify.
  2575 | D:3      | 2575 ||| IDENTIFYING white potion
  2576 | D:3      | 2576 ||| DROPPING potion of flight.
  2621 | D:4      | Reached skill level 1 in Dodging
  2676 | D:4      | 2676 ||| Stepping ~*~*~tactically~*~*~ (stealth).
  2689 | D:4      | Reached skill level 6 in Axes
  2852 | D:4      | 2852 ||| Stepping ~*~*~tactically~*~*~ (stealth).
  3104 | D:4      | Reached XP level 7. HP: 25/43 MP: 7/7
  3521 | D:4      | Found a shimmering blue altar of Sif Muna.
  3678 | D:4      | 3678 ||| READING scroll labelled TAMIER KENUOTZ.
  3679 | D:4      | 3679 ||| READING scroll labelled VUOSAMUOMI.
  3680 | D:4      | 3680 ||| READING 3 scrolls of identify.
  3680 | D:4      | 3680 ||| IDENTIFYING metallic silvery potion
  3681 | D:4      | 3681 ||| READING 2 scrolls of identify.
  3681 | D:4      | 3681 ||| IDENTIFYING murky black potion
  3682 | D:4      | 3682 ||| DROPPING potion of ambrosia.
  3683 | D:4      | 3683 ||| DROPPING potion of degeneration.
  3707 | D:5      | Entered Level 5 of the Dungeon
  3725 | D:5      | Reached skill level 7 in Axes
  3845 | D:5      | Found a radiant altar of Vehumet.
  3878 | D:5      | You fall into a shaft and drop 2 floors!
  3879 | D:7      | Noticed Pikel
  3880 | D:7      | 3880 ||| Stepping ~*~*~tactically~*~*~ (hiding).
  3881 | D:7      | 3881 ||| Stepping ~*~*~tactically~*~*~ (hiding).
  3894 | D:7      | HP: 10/44 [lemure[Pikel] (6)]
  3895 | D:7      | 3895 ||| READING 2 scrolls of teleportation.
  3896 | D:7      | Slain by a lemure

Levels and vault maps discovered:
D:1:      elethiomel_arrival_maze, layout_basic, serial_shops, shop,
          dreamdust_ecumenical_altar_statues, serial_bayou_pond_a
D:2:      layout_rooms, basic_altar
D:3:      layout_basic, minmay_misc_feat_room, st_stairs_1, uniq_ijyb,
          uniq_sigmund, uniq_natasha
D:4:      layout_gridville, kennysheep_orc_sif_temple
D:5:      layout_rooms, mainiacjoe_overflow_large_starburst
D:7:      layout_rooms, mainiacjoe_overflow_brackets, nicolae_grassy_gnolls,
          uniq_menkaure, uniq_pikel, uniq_joseph, uniq_duvessa

Skill      XL: |  1  2  3  4  5  6  7 |
---------------+----------------------+-----
Axes           | 2 3 4 5 6 7 |  7.0
Fighting       | 4 5 |  5.0
Dodging        | 1 |  1.0
Armour         | |  3.2
Shields        | |  3.2

Action                     |  1- 3 |  4- 6 |  7- 9 || total
---------------------------+-------+-------+-------++-------
  Melee: War axe           |    91 |   122 |    35 ||   248
    Use: Scroll            |     4 |     4 |     5 ||    13
         Potion            |       |     1 |       ||     1
 Armour: Scale mail        |    47 |    47 |    23 ||   117
  Dodge: Dodged            |    36 |    41 |    23 ||   100
  Block: Buckler           |    17 |     7 |    11 ||    35

Table legend:
 A = Non-vault XP
 B = Vault XP
 C = Vault XP percentage of total XP
 D = Non-vault monster count
 E = Vault monster count
 F = Vault count percentage of total count
                 A         B        C        D         E       F
            +---------+---------+-------+---------+---------+-------
      Total |     694 |     387 |  35.8 |      64 |      10 |  13.5
            +---------+---------+-------+---------+---------+-------
        D:1 |      44 |       0 |   0.0 |      18 |       0 |   0.0
        D:2 |      32 |       0 |   0.0 |      10 |       0 |   0.0
        D:3 |     139 |     314 |  69.3 |      11 |       7 |  38.9
        D:4 |     242 |      73 |  23.2 |      18 |       3 |  14.3
        D:5 |     202 |       0 |   0.0 |       6 |       0 |   0.0
        D:7 |      35 |       0 |   0.0 |       1 |       0 |   0.0
            +---------+---------+-------+---------+---------+-------
